 Dungeon Crawl Stone Soup version 0.23.2-1-ga50397a6bc (webtiles) character file.

Game seed: 3869700522889090182

405974 KleinerIrrer the Sorcerer (level 22, -18/153 HPs)
             Began as a Mummy Fire Elementalist on Apr 28, 2019.
             Was an Initiate of Gozag.
             Demolished by a caustic shrike (19 damage)
             ... on level 15 of the Dungeon on May 1, 2019.
             The game lasted 07:16:29 (129735 turns).

KleinerIrrer the Sorcerer (MuFE)                  Turns: 129735, Time: 07:16:31

Health: -18/153    AC:  9    Str: 16      XL:     22   Next: 37%
Magic:  25/48      EV: 12    Int: 27 (30) God:    Gozag
Gold:   1865       SH: 14    Dex: 17      Spells: 26/65 levels left

rFire    + . .     SeeInvis +   j - staff of conjuration
rCold    + . .     Gourm    .   Y - +0 shield "Kahatyr" {MR++ rCorr Stlth+}
rNeg     + + +     Faith    .   Q - +3 salamander hide armour {+Rage rF++}
rPois    ∞         Spirit   .   r - +2 hat {MR+}
rElec    +         Reflect  +   R - +2 cloak {MR+}
rCorr    +         Harm     .   v - +0 pair of gloves "Raesud" {rN+ Int+7 Dex-3}
MR       +++++                  x - +4 pair of boots of Kehid {Dex+3}
Stlth    +++.......             C - amulet of Xom's Wantonness {Reflect MR+ Str+3 SH+3}
HPRegen  0.35/turn              T - ring of Gut Otse {rElec rPois rN+ MR- Dex+5}
MPRegen  0.31/turn              I - ring of see invisible

@: corroded, flying, hasted, very quick
A: no food or potions, fire vulnerability, cold resistance 1, negative energy
resistance 3, torment resistance, unbreathing, in touch with death 1
}: 2/15 runes: decaying, serpentine
a: Potion Petition, Call Merchant, Bribe Branch, Renounce Religion


You were on level 15 of the Dungeon.
You worshipped Gozag.
Gozag was most pleased with you.
You were not hungry.

You visited 9 branches of the dungeon, and saw 40 of its levels.
You also visited: Trove, Sewer and Ossuary.

You collected 20363 gold pieces.
You spent 6849 gold pieces at shops.
You paid 11649 gold pieces to Gozag.

Inventory:

Hand Weapons
 a - the +5 quarterstaff of Tiqy {freeze, rC+ Str+4 Int+3}
   (You took it off a wight on level 10 of the Dungeon)

   It has been specially enchanted to freeze those struck by it, causing extra
   injury to most foes and up to half again as much damage against particularly
   susceptible opponents.
   It can also slow down cold-blooded creatures.
   It affects your strength (+4).
   It affects your intelligence (+3).
   It protects you from cold.
 c - a +2 vampiric dagger
 i - a +4 demon whip of flaming
Missiles
 P - 10 javelins of returning (quivered)
Armour
 r - a +2 hat of magic resistance (worn)
 v - the +0 pair of gloves "Raesud" (worn) {rN+ Int+7 Dex-3}
   (You found it in a treasure trove)

   It affects your intelligence (+7).
   It affects your dexterity (-3).
   It protects you from negative energy.
 x - the +4 pair of boots of Kehid (worn) {Dex+3}
   (You bought it in a shop on level 2 of the Orcish Mines)

   It affects your dexterity (+3).
 y - the +2 shield of Resistance {rF+ rC+ MR+}
   (You bought it in a shop on level 2 of the Orcish Mines)

   It protects you from fire.
   It protects you from cold.
   It affects your resistance to hostile enchantments.
 F - a +2 robe of the Archmagi
 Q - the +3 salamander hide armour (worn) {+Rage rF++}
   (You found it on level 3 of the Lair of Beasts)

   It greatly protects you from fire.
   It lets you go berserk.
 R - a +2 cloak of magic resistance (worn)
 Y - the +0 shield "Kahatyr" (worn) {MR++ rCorr Stlth+}
   (You bought it in a shop on level 12 of the Dungeon)

   It affects your resistance to hostile enchantments.
   It provides partial protection from all sources of acid and corrosion.
   It makes you more stealthy.
Magical Staves
 j - an uncursed staff of conjuration (weapon)
 M - an uncursed staff of energy
Jewellery
 h - an uncursed ring of flight
 w - an uncursed ring of fire
 C - the amulet of Xom's Wantonness (around neck) {Reflect MR+ Str+3 SH+3}
   (You took it off a wight on level 9 of the Dungeon)

   [amulet of reflection]

   It shields you and reflects attacks.
   It affects your strength (+3).
   It affects your resistance to hostile enchantments.
   It affects your SH (+3).
 I - a ring of see invisible (right hand)
 T - the ring of Gut Otse (left hand) {rElec rPois rN+ MR- Dex+5}
   (You found it on level 10 of the Dungeon)

   [ring of poison resistance]

   It affects your dexterity (+5).
   It insulates you from electricity.
   It protects you from poison.
   It protects you from negative energy.
   It affects your resistance to hostile enchantments.
Wands
 k - a wand of clouds (6)
 m - a wand of polymorph (38)
 n - a wand of flame (70)
 s - a wand of random effects (45)
 B - a wand of paralysis (20)
 D - a wand of acid (8)
 G - a wand of disintegration (39)
 N - a wand of iceblast (5)
Scrolls
 b - 7 scrolls of teleportation
 d - 9 scrolls of immolation
 e - 20 scrolls of remove curse
 f - 6 scrolls of fog
 g - 23 scrolls of identify
 o - 2 scrolls of torment
 p - 2 scrolls of amnesia
 A - a scroll of enchant weapon
 E - a scroll of summoning
 H - a scroll of vulnerability
 K - a scroll of brand weapon
 L - 2 scrolls of magic mapping
Miscellaneous
 u - 3 phantom mirrors
 z - a lightning rod (4/4)
 J - 3 boxes of beasts
 S - a crystal ball of energy
 U - 2 sacks of spiders
 W - a phial of floods
 X - a lamp of fire


   Skills:
 - Level 8.0 Fighting
   Level 0.1 Long Blades
 - Level 0.2 Throwing
 * Level 2.9 Armour
 - Level 3.0 Dodging
 - Level 1.5 Stealth
 * Level 8.2 Shields
 + Level 22.0 Spellcasting
 + Level 16.8 Conjurations
 - Level 0.3 Charms
 - Level 1.7 Necromancy
 * Level 19.8 Fire Magic
 - Level 1.2 Earth Magic
 - Level 10.0 Evocations


You had 26 spell levels left.
You knew the following spells:

 Your Spells              Type           Power        Failure   Level  Hunger
a - Flame Tongue          Conj/Fire      #####        0%          1    N/A
b - Conjure Flame         Conj/Fire      ########     0%          3    N/A
c - Sticky Flame          Conj/Fire      ########     1%          4    N/A
d - Mephitic Cloud        Conj/Pois/Air  ######..     1%          3    N/A
e - Swiftness             Chrm/Air       ####....     4%          2    N/A
f - Fireball              Conj/Fire      ########..   1%          5    N/A
g - Shock                 Conj/Air       ####         1%          1    N/A
h - Throw Frost           Conj/Ice       ######       1%          2    N/A
i - Bolt of Magma         Conj/Fire/Erth #######...   1%          5    N/A
j - Bolt of Fire          Conj/Fire      ########..   1%          6    N/A
k - Bolt of Draining      Conj/Necr      ########..   2%          5    N/A
l - Passwall              Tmut/Erth      ####....     4%          2    N/A

Your spell library contained the following spells:

 Spells                   Type           Power        Failure   Level  Hunger
 Magic Dart               Conj           ####         0%          1    N/A
 Searing Ray              Conj           ######       0%          2    N/A
 Throw Flame              Conj/Fire      ######       0%          2    N/A
 Animate Skeleton         Necr           N/A          1%          1    N/A
 Pain                     Necr           ####         1%          1    N/A
 Sting                    Conj/Pois      ####         1%          1    N/A
 Ignite Poison            Fire/Tmut/Pois ######..     1%          3    N/A
 Inner Flame              Hex/Fire       ######..     1%          3    N/A
 Static Discharge         Conj/Air       #######.     1%          3    N/A
 Stone Arrow              Conj/Erth      ######       1%          3    N/A
 Force Lance              Conj/Tloc      #######.     1%          4    N/A
 Iskenderun's Mystic Bla  Conj           ########     1%          4    N/A
 Throw Icicle             Conj/Ice       #######.     1%          4    N/A
 Sandblast                Erth           #####.       2%          1    N/A
 Corpse Rot               Necr           N/A          2%          2    N/A
 Apportation              Tloc           ####..       3%          1    N/A
 Corona                   Hex            ####...      3%          1    N/A
 Freeze                   Ice            ####         3%          1    N/A
 Infusion                 Chrm           ####         3%          1    N/A
 Summon Butterflies       Summ           ####....     3%          1    N/A
 Irradiate                Conj/Tmut      #######...   3%          5    N/A
 Iskenderun's Battlesphe  Conj/Chrm      #######.     3%          5    N/A
 Lightning Bolt           Conj/Air       #######...   3%          5    N/A
 Venom Bolt               Conj/Pois      #######...   3%          5    N/A
 Orb of Destruction       Conj           ########..   3%          7    N/A
 Shroud of Golubria       Chrm/Tloc      ####......   4%          2    N/A
 Song of Slaying          Chrm           ####....     4%          2    N/A
 Blink                    Tloc           N/A          5%          2    N/A
 Call Imp                 Summ           ####....     5%          2    N/A
 Poisonous Vapours        Pois/Air       ####..       5%          2    N/A
 Slow                     Hex            ####....     5%          2    N/A
 Vampiric Draining        Necr           ######....   5%          3    N/A
 Ignition                 Fire           #######...   7%          8    N/A
 Ozocubu's Armour         Chrm/Ice       ####....     10%         3    N/A
 Spectral Weapon          Hex/Chrm       ####....     10%         3    N/A
 Gell's Gravitas          Tloc           ####......   11%         3    N/A
 Lesser Beckoning         Tloc           ####......   11%         3    N/A
 Portal Projectile        Hex/Tloc       ####..       11%         3    N/A
 Teleport Other           Tloc           ####....     11%         3    N/A
 Tukima's Dance           Hex            ####....     11%         3    N/A
 Iron Shot                Conj/Erth      #######...   14%         6    N/A
 Conjure Ball Lightning   Conj/Air       #######...   17%         6    N/A
 Animate Dead             Necr           N/A          19%         4    N/A
 Leda's Liquefaction      Hex/Erth       ####......   28%         4    N/A
 Petrify                  Tmut/Erth      ####....     28%         4    N/A
 Airstrike                Air            ####......   34%         4    N/A
 Cause Fear               Hex            ####......   34%         4    N/A
 Olgreb's Toxic Radiance  Pois           ####....     34%         4    N/A
 Passage of Golubria      Tloc           N/A          34%         4    N/A
 Summon Ice Beast         Ice/Summ       ####....     34%         4    N/A
 Summon Lightning Spire   Summ/Air       ####....     34%         4    N/A
 Ring of Flames           Chrm/Fire      ######....   43%         7    N/A
 Agony                    Necr           ######..     45%         5    N/A
 Dispel Undead            Necr           ######..     45%         5    N/A
 Lee's Rapid Deconstruct  Erth           #####.....   52%         5    N/A
 Excruciating Wounds      Chrm/Necr      ######....   54%         5    N/A
 Spellforged Servitor     Conj/Summ      #######...   67%         7    N/A
 Alistair's Intoxication  Tmut/Pois      ####....     69%         5    N/A
 Silence                  Hex/Air        ####......   69%         5    N/A
 Deflect Missiles         Chrm/Air       ####......   99%         6    N/A
 Dispersal                Tloc           ####......   99%         6    N/A
 Invisibility             Hex            ####....     99%         6    N/A
 Malign Gateway           Summ/Tloc      ####......   100%        7    N/A
 Controlled Blink         Tloc           N/A          100%        8    N/A
 Disjunction              Tloc           ####......   100%        8    N/A
 Shatter                  Erth           #####.....   100%        9    N/A
 Tornado                  Air            ####......   100%        9    N/A
 Sublimation of Blood     Necr           Unusable     N/A         2    N/A
 Regeneration             Chrm/Necr      Unusable     N/A         3    N/A
 Hydra Form               Tmut           Unusable     N/A         6    N/A
 Statue Form              Tmut/Erth      Unusable     N/A         6    N/A
 Dragon Form              Tmut           Unusable     N/A         7    N/A

Dungeon Overview and Level Annotations

Branches:
Dungeon (15/15)            Temple (1/1) D:6            Lair (6/6) D:10
  Swamp (4/4) Lair:4        Snake (4/4) Lair:2        Slime (0/5) Lair:6
    Orc (2/2) D:9             Elf (3/3) Orc:2        Vaults (4/5) D:14
  Crypt (0/3) Vaults:2     Depths (1/5) D:15

Altars:
Ashenzari
Cheibriados
Dithmenos
Elyvilon
Fedhas
Gozag
Hepliaklqana
Kikubaaqudgha
Makhleb
Nemelex Xobeh
Okawaru
Qazlal
Ru
Sif Muna
Trog
Uskayaw
Vehumet
Wu Jian
Xom
Yredelemnul
Zin
The Shining One
Beogh

Shops:
D:5 }   D:6 *(=   D:8 ?   D:10 !   D:12 [   D:14 =   D:15 [?   Orc:1 }
Orc:2 (![*%[   Elf:2 (   Lair:1 =*:   Snake:1 !*%*!   Snake:2 =%[(   Vaults:2 (
Vaults:3 *

Annotations:
D:13 2 transporters, P0WERM0DE's ghost, journeyman DDFi
Lair:4 Rupert
Lair:5 1 runed translucent door, Reaw's ghost, journeyman MiFi
Elf:2 3 runed translucent doors
Vaults:4 Mennas


Innate Abilities, Weirdness & Mutations

You do not eat or drink.
Your flesh is vulnerable to fire.
You are immune to poison.
Your flesh is cold resistant. (rC+)
You are immune to negative energy. (rN+++)
You are immune to unholy pain and torment.
You can survive without breathing.
You are in touch with the powers of death.


Message History

The caustic shrike claws you.
* * * LOW HITPOINT WARNING * * *
You are splashed with acid.
You resist.
* * * LOW HITPOINT WARNING * * *
Okay, then.
Evoke which item? (* to show all) (? for menu, Esc to quit)
Okay, then. [a] - 700 gold - might, agility, resistance and haste [b] - 364 gold - haste and flight [c] - 462 gold - resistance, invisibility and agility Purchase which effect?
You feel yourself speed up.
You feel very buoyant.
You fly up into the air.
The caustic shrike claws you!!
* * * LOW HITPOINT WARNING * * *
You are splashed with acid.
You resist.
* * * LOW HITPOINT WARNING * * *
The caustic shrike claws you!!
You die...
Your body crumbles into a pile of gold.

..########.......................
..#..#.##.............#..........
.....................##....).....
.............≈≈§≈§§≈.......).....
..............≈≈#≈≈....#.##......
...........≈§#§≈§≈≈#.≈.#####.[...
...........≈≈§≈§∩§≈≈≈§).###......
...........≈§§§...§.§............
...........≈#§..@b.≈.≈....#.[..∩<
...........≈§§≈...≈≈≈....####....
........#.§§§§§§§§§§≈≈...####....
...........≈.#§≈§≈§#.§.#.........
##............§§#≈§....##..[....)
#............≈≈§§≈≈≈.[...........
###........#.....................
..#####...###.....##.........)...
#..##....##.#....................


You could see a caustic shrike.

Vanquished Creatures
  A juggernaut (Depths:1)
  Sojobo (Vaults:3)
  Boris (twice) (Vaults:2 Vaults:3)
  Frederick (Vaults:3)
  Vashnia (Snake:4)
  Nikola (Depths:1)
  Asterion (Vaults:3)
  4 deep elf blademasters
  A deep elf master archer (Elf:3)
  4 sphinxes
  Gastronok (D:8)
  Agnes (D:14)
  4 thorn hunters
  Kirke (Swamp:1)
  3 frost giants
  8 nagarajas
  5 vault wardens
  13 deep elf sorcerers
  2 fire giants
  Louise (Swamp:1)
  11 deep elf elementalists
  2 ghouls (Swamp:1)
  10 ironheart preservers
  A very ugly thing (Depths:1)
  5 stone giants
  2 vampire knights
  3 deep elf demonologists
  Nessos (D:15)
  A dire elephant (Lair:6)
  3 deep elf annihilators (Elf:3)
  Azrael (D:14)
  7 deep elf death magi
  2 ettins
  2 merfolk impalers
  3 deep elf high priests
  3 yaktaur captains
  4 great orbs of eyes
  7 fire dragons
  Harold (D:6)
  4 rakshasas
  24 hydras
  7 vault guards
  7 ice dragons
  2 shambling mangroves
  10 naga warriors
  6 ghost crabs
  2 catoblepae
  10 anacondas
  A spriggan air mage (Depths:1)
  18 alligators
  37 two-headed ogres
  A merfolk avatar (D:14)
  9 centaur warriors
  A deep troll earth mage (Vaults:1)
  12 death yaks
  2 death knights
  An alligator (shapeshifter) (Depths:1)
  11 ogre magi
  6 tengu warriors
  A spriggan berserker (Depths:1)
  2 orc high priests (Orc:1)
  4 deep troll shamans
  8 naga sharpshooters
  A shock serpent (shapeshifter) (Vaults:4)
  8 spriggans
  7 shock serpents
  Nergalle (D:10)
  A shadow wraith (Vaults:3)
  9 deep elf knights
  A skeletal warrior (D:14)
  A salamander mystic (Snake:2)
  13 deep trolls
  A sea snake (shapeshifter) (Depths:1)
  5 unseen horrors
  24 deep elf archers
  2 glowing orange brains
  8 spriggan druids
  4 harpies (Vaults:3)
  4 orc knights
  3 flayed ghosts (Depths:1)
  5 naga ritualists
  7 lindwurms
  5 wizards
  A wolf spider zombie (D:14)
  13 swamp dragons
  A phantasmal warrior (D:15)
  10 ironbrand convokers
  2 necromancers (Vaults:2)
  2 wolf spiders
  6 mana vipers
  3 cyclopes
  78 deep elf magi
  3 lindwurms (shapeshifter)
  5 orc sorcerers
  19 ugly things
  4 oklob plants (Lair:6)
  2 manticores
  17 elephants
  8 salamanders
  A guardian serpent (shapeshifter) (Vaults:4)
  35 black mambas
  2 gargoyles
  20 naga magi
  Joseph (D:8)
  4 apocalypse crabs (Swamp:1)
  13 vault sentinels
  An ice statue (Swamp:2)
  3 guardian serpents
  A torpor snail (Lair:5)
  5 centaur skeletons
  An eye of devastation (shapeshifter) (Elf:1)
  20 spiny frogs
  5 freezing wraiths
  9 komodo dragons
  4 kobold demonologists (D:15)
  16 yaktaurs
  An efreet (D:14)
  3 rime drakes
  2 tengu conjurers
  9 tyrant leeches
  A wind drake (shapeshifter) (Vaults:3)
  A queen bee (D:9)
  16 hornets
  16 trolls
  A polar bear (Lair:6)
  2 shadow dragon simulacra (Vaults:3)
  Prince Ribbit (D:7)
  A hornet (shapeshifter) (Depths:1)
  Grinder (D:6)
  27 slime creatures
  13 blink frogs
  9 bog bodies
  A stone giant simulacrum (Vaults:3)
  24 hippogriffs
  A redback (shapeshifter) (Vaults:2)
  11 shadows
  A water elemental (Depths:1)
  2 spriggans (shapeshifter)
  4 air elementals
  9 wyverns
  2 wraiths
  A vampire (D:12)
  A dire elephant simulacrum (Lair:2)
  Sigmund (D:6)
  A tarantella (shapeshifter) (Vaults:3)
  Grum (D:8)
  5 fire elementals
  48 yaks
  A human (Swamp:1)
  A hog (Swamp:1)
  2 hungry ghosts
  Eustachio (D:6)
  11 basilisks
  10 vampire mosquitoes
  A steam dragon (D:12)
  7 wargs
  A soldier ant (shapeshifter) (Vaults:4)
  16 swamp worms
  17 insubstantial wisps
  55 nagas
  4 acid dragons
  5 hell hounds
  A hydra simulacrum (Lair:2)
  4 water moccasins
  5 porcupines
  2 hornet zombies
  10 swamp drakes
  A sky beast (shapeshifter) (Elf:1)
  2 sky beasts
  7 ice beasts
  3 black bears
  21 orc warriors
  55 ogres
  12 wolves
  3 eyes of draining
  3 phantoms
  3 necrophages (Swamp:1)
  3 boggarts (Depths:1)
  11 centaurs
  10 crocodiles
  An earth elemental (Elf:1)
  3 elf zombies (Ossuary)
  5 big kobolds
  A gnoll sergeant (D:12)
  12 bullfrogs
  An ogre simulacrum (Vaults:1)
  4 scorpions
  An elf simulacrum (Vaults:3)
  18 killer bees
  19 wights
  7 howler monkeys
  3 electric eels
  8 crimson imps
  2 human simulacra (Vaults:1)
  4 jellies
  2 quasits
  6 centaur zombies
  A hippogriff simulacrum (Lair:2)
  11 hounds
  12 orc priests
  15 orc wizards
  A human zombie (Ossuary)
  2 bullfrog skeletons
  3 iguanas
  9 worker ants
  2 big kobold zombies (Ossuary)
  A basilisk simulacrum (Lair:2)
  9 hound zombies
  3 mummies (Ossuary)
  A howler monkey zombie (D:2)
  12 gnolls
  19 adders
  A crocodile simulacrum (Lair:2)
  A river rat (Sewer)
  2 shadow imps
  5 oozes
  2 adder zombies (Ossuary)
  An adder skeleton (D:4)
  6 worms
  A dart slug (D:1)
  4 leopard geckos
  70 orcs
  5 ball pythons
  3 bats
  12 giant cockroaches
  9 goblins
  6 hobgoblins
  14 jackals
  29 kobolds
  5 quokkas
  6 frilled lizards
  3 goblin zombies (Ossuary)
  3 hobgoblin zombies (Ossuary)
  A jackal zombie (Ossuary)
  4 kobold zombies (Ossuary)
  2 leopard gecko skeletons
  A quokka skeleton (D:9)
  5 quokka zombies (Ossuary)
  5 rats
  4 rat zombies (Ossuary)
  2 bushes
  4 fungi
  5 plants
1660 creatures vanquished.

Vanquished Creatures (others)
  A deep elf master archer (Elf:3)
  An ogre mage (Vaults:4)
  2 centaur warriors
  14 dancing weapons
  A deep elf archer (Elf:2)
  An ugly thing (Depths:1)
  A spiny frog (Swamp:1)
  2 yaktaurs (Vaults:1)
  A water elemental (Elf:3)
  3 centaurs (Vaults:1)
  A kobold (D:15)
  30 fungi
  36 plants
  38 withered plants (Swamp:1)
132 creatures vanquished.

Grand Total: 1792 creatures vanquished

Notes
Turn   | Place    | Note
-------+----------+-------------------------------------------
     0 | D:1      | KleinerIrrer the Mummy Fire Elementalist began the quest
                  | for the Orb.
     0 | D:1      | Reached XP level 1. HP: 13/13 MP: 4/4
    19 | D:1      | Reached skill level 1 in Conjurations
    47 | D:1      | Reached XP level 2. HP: 5/19 MP: 0/5
   721 | D:1      | Reached XP level 3. HP: 17/24 MP: 0/7
  1034 | D:1      | Learned a level 3 spell: Conjure Flame
  1694 | D:2      | Reached XP level 4. HP: 30/30 MP: 5/8
  2837 | D:3      | Reached XP level 5. HP: 35/35 MP: 5/9
  2945 | D:3      | Found a burning altar of Makhleb.
  3707 | D:3      | Learned a level 4 spell: Sticky Flame
  3820 | D:4      | Noticed an orc warrior
  3929 | D:4      | Found a glowing drain.
  3930 | D:4      | Noticed an ogre
  3958 | D:4      | Killed an ogre
  3958 | D:4      | Reached XP level 6. HP: 18/41 MP: 3/10
  3975 | Sewer    | Entered a sewer
  4686 | Sewer    | Reached skill level 3 in Spellcasting
  5067 | D:4      | Killed an orc warrior
  5067 | D:4      | Reached XP level 7. HP: 27/46 MP: 4/12
  5289 | D:4      | Reached skill level 5 in Fire Magic
  5688 | D:4      | Found a sacrificial altar of Ru.
  5849 | D:5      | Entered Level 5 of the Dungeon
  5894 | D:5      | Reached skill level 4 in Spellcasting
  5993 | D:5      | Found Qiurooniq's Gadget Shoppe.
  6000 | D:5      | Bought a wand of iceblast (6) for 140 gold pieces
  6044 | D:5      | Found a sand-covered staircase.
  6050 | Ossuary  | Entered an ossuary
  6385 | Ossuary  | Reached skill level 5 in Conjurations
  6682 | Ossuary  | Reached XP level 8. HP: 49/52 MP: 7/14
  7182 | Ossuary  | Reached skill level 5 in Spellcasting
  8284 | D:6      | Found Cytwub's Weapon Shop.
  8284 | D:6      | Noticed Grinder
  8288 | D:6      | Killed Grinder
  8373 | D:6      | Noticed Sigmund
  8720 | D:6      | Noticed Eustachio
  8769 | D:5      | HP: 2/52 [bullfrog (7)]
  9284 | D:6      | Killed Eustachio
  9284 | D:6      | Reached skill level 6 in Spellcasting
  9294 | D:6      | Found a staircase to the Ecumenical Temple.
  9299 | Temple   | Entered the Ecumenical Temple
  9322 | Temple   | Became a worshipper of Gozag Ym Sagoz the Greedy
  9714 | D:6      | Reached XP level 9. HP: 57/57 MP: 9/18
  9924 | D:6      | Found Haczuk's Jewellery Boutique.
  9928 | D:6      | Identified the Volume of the Seven Eyes
  9934 | D:6      | Learned a level 3 spell: Mephitic Cloud
 10285 | D:6      | Found Peekunuy's General Store.
 10327 | D:6      | Killed Sigmund
 10490 | D:7      | Noticed Harold
 10537 | D:6      | Killed Harold
 10537 | D:6      | Reached skill level 7 in Spellcasting
 10972 | D:7      | Noticed Prince Ribbit
 10979 | D:7      | Killed Prince Ribbit
 11690 | D:8      | Found Yronlet's Magic Scroll Shoppe.
 11695 | D:8      | Bought a scroll of summoning for 104 gold pieces
 11785 | D:8      | Noticed Gastronok
 11825 | D:8      | Noticed Grum
 11857 | D:8      | Killed Grum
 11857 | D:8      | Reached XP level 10. HP: 63/63 MP: 0/21
 12033 | D:8      | Reached skill level 8 in Spellcasting
 12101 | D:8      | Learned a level 2 spell: Swiftness
 12862 | D:7      | Learned a level 5 spell: Fireball
 13340 | D:8      | Noticed Joseph
 13348 | D:8      | Killed Joseph
 14552 | D:9      | Got a steaming platinum amulet
 15063 | D:8      | Reached skill level 9 in Spellcasting
 15156 | D:6      | Bought the amulet of the Albatross {Acrobat Dex+4} for 454
                  | gold pieces
 15157 | D:6      | Identified the amulet of Xom's Wantonness {Reflect MR+
                  | Str+3 SH+3} (You took it off a wight on level 9 of the
                  | Dungeon)
 15698 | D:9      | Found a staircase to the Orcish Mines.
 16060 | D:9      | Noticed a two-headed ogre
 16086 | D:9      | Killed a two-headed ogre
 16439 | D:9      | Reached XP level 11. HP: 67/68 MP: 14/24
 16920 | Orc:1    | Entered Level 1 of the Orcish Mines
 16942 | Orc:1    | Noticed an orc sorcerer
 16944 | Orc:1    | Noticed an orc high priest
 17263 | Orc:1    | Paralysed by an orc sorcerer for 3 turns
 17267 | Orc:1    | Noticed a sun demon
 17272 | D:9      | Killed an orc sorcerer
 17316 | D:10     | Entered Level 10 of the Dungeon
 17821 | D:10     | Noticed a two-headed ogre
 17829 | D:10     | Killed a two-headed ogre
 17829 | D:10     | Reached skill level 10 in Spellcasting
 18276 | D:10     | Reached skill level 10 in Conjurations
 18387 | D:10     | Identified the +5 quarterstaff of Tiqy {freeze, rC+ Str+4
                  | Int+3}
 18498 | D:10     | Found a staircase to the Lair.
 18730 | D:10     | Found Kalokint's Distillery.
 19109 | D:10     | Learned a level 1 spell: Shock
 19362 | D:10     | Noticed an unseen horror
 19364 | D:10     | Killed an unseen horror
 19455 | D:10     | Reached skill level 10 in Fire Magic
 20007 | D:10     | Noticed Nergalle
 20015 | D:10     | Killed Nergalle
 20180 | D:10     | Reached skill level 11 in Spellcasting
 20290 | D:10     | Noticed a lindwurm
 20291 | D:10     | Noticed a lindwurm
 20601 | D:10     | Noticed a lindwurm
 20615 | D:10     | Learned a level 2 spell: Throw Frost
 20619 | D:10     | Noticed a lindwurm
 21283 | D:6      | Bought a book of Fire for 975 gold pieces
 21406 | Lair:1   | Entered Level 1 of the Lair of Beasts
 21585 | Lair:1   | Reached XP level 12. HP: 74/74 MP: 9/27
 22231 | Lair:1   | Noticed a five-headed hydra
 22236 | Lair:1   | Killed a five-headed hydra
 22854 | Lair:2   | Noticed a four-headed hydra
 22917 | Lair:2   | Found a transporter.
 22934 | Lair:2   | Killed a four-headed hydra
 23191 | Orc:1    | Killed an orc high priest
 23887 | Lair:2   | Found a staircase to the Snake Pit.
 24026 | Lair:2   | You fall through a shaft!
 24215 | Lair:2   | Noticed a five-headed hydra
 24219 | Lair:2   | Killed a five-headed hydra
 24219 | Lair:2   | Reached skill level 12 in Spellcasting
 24648 | D:8      | Killed Gastronok
 24795 | D:8      | Bought a scroll of blinking for 82 gold pieces
 24795 | D:8      | Bought a scroll of teleportation for 33 gold pieces
 24795 | D:8      | Bought a scroll of teleportation for 33 gold pieces
 24795 | D:8      | Bought a scroll of teleportation for 33 gold pieces
 24795 | D:8      | Bought a scroll of fear for 38 gold pieces
 25329 | Lair:2   | Noticed a four-headed hydra
 25337 | Lair:2   | Killed a four-headed hydra
 25574 | Lair:2   | Found a transporter.
 26042 | Lair:3   | Noticed a four-headed hydra
 26085 | Lair:3   | Noticed a five-headed hydra
 26253 | Lair:3   | Found the +3 salamander hide armour {+Rage rF++}
 26865 | Lair:2   | Killed a four-headed hydra
 27032 | Lair:3   | Killed a five-headed hydra
 27032 | Lair:3   | Gained mutation: You are in touch with the powers of death.
                  | [Mummy growth]
 27032 | Lair:3   | Reached XP level 13. HP: 79/79 MP: 8/29
 27345 | Lair:4   | Noticed Rupert
 27941 | Lair:4   | Reached skill level 13 in Spellcasting
 28605 | Lair:4   | Found a staircase to the Swamp.
 29810 | Lair:4   | Reached skill level 1 in Fighting
 32683 | Orc:1    | Found Omeigiet's Gadget Shoppe.
 32756 | Orc:2    | Entered Level 2 of the Orcish Mines
 32904 | Orc:2    | Found Tekkaer's Food Shop.
 32904 | Orc:2    | Found Bocaumpo's Antique Armour Shop.
 33988 | D:10     | Reached skill level 1 in Evocations
 33990 | D:10     | Reached skill level 14 in Spellcasting
 34132 | D:10     | Got a sparkling granite ring
 34178 | D:10     | Identified the ring of Gut Otse {rElec rPois rN+ MR- Dex+5}
                  | (You found it on level 10 of the Dungeon)
 34691 | Lair:5   | Reached XP level 14. HP: 93/93 MP: 15/32
 35010 | Lair:5   | Found a runed translucent door.
 35549 | Lair:5   | Noticed Reaw's ghost (journeyman MiFi)
 36318 | Lair:6   | Entered Level 6 of the Lair of Beasts
 36431 | Lair:6   | Found a staircase to the Slime Pits.
 41116 | D:12     | Bought a bloodstained shield for 332 gold pieces
 41122 | D:12     | Identified the cursed +0 shield "Kahatyr" {MR++ rCorr
                  | Stlth+} (You bought it in a shop on level 12 of the
                  | Dungeon)
 41170 | D:13     | Noticed P0WERM0DE's ghost (journeyman DDFi)
 41171 | D:13     | Found a transporter.
 41891 | D:13     | Found a transporter.
 42423 | D:13     | Reached skill level 5 in Fighting
 42947 | D:14     | Noticed Agnes
 42954 | D:14     | Killed Agnes
 42954 | D:14     | Reached skill level 1 in Shields
 42954 | D:14     | Reached skill level 15 in Spellcasting
 43406 | D:14     | Noticed Azrael
 43412 | D:14     | Killed Azrael
 43850 | D:14     | Reached XP level 15. HP: 86/103 MP: 31/34
 44321 | D:14     | Found a runed translucent door.
 44417 | D:14     | Found a runed translucent door.
 44421 | D:14     | Found a runed translucent door.
 44783 | D:14     | Found a gate to the Vaults.
 45213 | D:15     | Entered Level 15 of the Dungeon
 46972 | Lair:6   | Identified a scroll of acquirement
 50776 | Lair:6   | Reached skill level 1 in Armour
 51583 | Lair:6   | Reached skill level 5 in Evocations
 52492 | Orc:1    | Identified the Disquisition on Dislocated Combat Magic (You
                  | acquired it on level 1 of the Orcish Mines)
 52657 | D:15     | Noticed Nessos
 58573 | D:15     | Reached skill level 16 in Spellcasting
 65257 | D:14     | Reached XP level 16. HP: 35/109 MP: 0/36
 68394 | D:15     | Killed Nessos
 68398 | D:15     | Found a blossoming altar of Fedhas.
 68481 | D:15     | Found a staircase to the Depths.
 68941 | Swamp:1  | Entered Level 1 of the Swamp
 71152 | Swamp:1  | Noticed Kirke
 71193 | Swamp:1  | Killed Kirke
 72086 | Swamp:1  | Noticed Louise
 72123 | Swamp:1  | Killed Louise
 73139 | Swamp:1  | Reached skill level 15 in Fire Magic
 73260 | Swamp:1  | Found a runed translucent door.
 73778 | Swamp:1  | Learned a level 5 spell: Bolt of Magma
 74752 | Swamp:2  | Noticed a thorn hunter
 75341 | Swamp:2  | Killed a thorn hunter
 75817 | Swamp:2  | Reached skill level 17 in Spellcasting
 76701 | Swamp:3  | Noticed a thorn hunter
 77453 | Swamp:3  | Killed a thorn hunter
 77682 | Swamp:3  | Reached XP level 17. HP: 106/115 MP: 13/38
 79546 | Swamp:4  | Entered Level 4 of the Swamp
 79710 | Swamp:4  | Got a faintly glowing leather armour
 79805 | Swamp:3  | Identified the +1 leather armour "Meseum Nium" {-Cast MR+
                  | Dex+3} (You found it on level 4 of the Swamp)
 81702 | Swamp:4  | Got a decaying rune of Zot
 83944 | Snake:1  | Entered Level 1 of the Snake Pit
 83944 | Snake:1  | Found Soraitz's Assorted Antiques.
 83953 | Snake:1  | Bought a small diamond amulet for 100 gold pieces
 84280 | Snake:1  | Found the +5 robe of Night {Dark MR+ SInv}
 84520 | Snake:1  | Learned a level 6 spell: Bolt of Fire
 84781 | Snake:1  | Found Gapt's Food Emporium.
 84810 | Snake:1  | Found Joyn's Assorted Antiques.
 84815 | Snake:1  | Bought a scroll of fear for 119 gold pieces
 84825 | Snake:1  | Found Vaamodee's Distillery.
 84888 | Snake:1  | Reached skill level 18 in Spellcasting
 85271 | Snake:1  | Found Tibueq's Distillery.
 86021 | Snake:2  | Reached skill level 1 in Earth Magic
 86757 | Snake:2  | Found Qeeh's Weapon Shoppe.
 87019 | Snake:2  | Found Soninn's Antique Armour Shoppe.
 87021 | Snake:2  | Found Nacur's Food Emporium.
 87023 | Snake:2  | Found Gouqec's Jewellery Shoppe.
 87035 | Snake:2  | Bought a warped chain mail for 209 gold pieces
 87035 | Snake:2  | Bought a heavily runed ring mail for 198 gold pieces
 87035 | Snake:2  | Identified the +1 ring mail "Myutudd" {-Tele rPois MR++}
                  | (You bought it in a shop on level 2 of the Snake Pit)
 87036 | Snake:2  | Identified the +6 chain mail of Ephakium {*Contam rElec rF-
                  | rCorr} (You bought it in a shop on level 2 of the Snake
                  | Pit)
 87750 | Snake:3  | Reached XP level 18. HP: 94/121 MP: 20/40
 90802 | Snake:4  | Entered Level 4 of the Snake Pit
 91030 | Snake:4  | Noticed Vashnia
 92933 | Snake:4  | Killed Vashnia
 95361 | Snake:4  | Reached skill level 19 in Spellcasting
 95708 | Snake:4  | Got a serpentine rune of Zot
 96075 | D:6      | Bought a +2 vampiric dagger for 270 gold pieces
 98954 | Orc:2    | Found Haaj's Antique Weapon Shoppe.
 98960 | Orc:2    | Bought a pitted leather armour for 175 gold pieces
 98960 | Orc:2    | Identified the +3 leather armour "Wafojaix" {Regen+} (You
                  | bought it in a shop on level 2 of the Orcish Mines)
 98964 | Orc:2    | Found Xyopaq's General Store.
 98965 | Orc:2    | Found Luaqyl's Distillery.
 98983 | Orc:2    | Bought a scroll of brand weapon for 240 gold pieces
 99050 | Orc:2    | Found a roughly hewn altar of Beogh.
 99164 | Orc:2    | Found a staircase to the Elven Halls.
 99385 | Elf:1    | Entered Level 1 of the Elven Halls
 99582 | Orc:2    | Bought a pair of shimmering boots for 332 gold pieces
 99582 | Orc:2    | Bought the +2 shield of Resistance {rF+ rC+ MR+} for 1438
                  | gold pieces
 99582 | Orc:2    | Found the +2 shield of Resistance {rF+ rC+ MR+}
 99593 | Orc:2    | Identified the +4 pair of boots of Kehid {Dex+3} (You
                  | bought it in a shop on level 2 of the Orcish Mines)
 99622 | Elf:1    | Found a radiant altar of Vehumet.
 99626 | Elf:1    | Reached skill level 15 in Conjurations
 99791 | Elf:1    | Reached XP level 19. HP: 126/126 MP: 22/42
101706 | Elf:1    | Identified the Tome of Supportive Confrontation
103669 | Elf:2    | Found a runed translucent gate.
103669 | Elf:2    | Found a runed translucent gate.
103669 | Elf:2    | Found a runed translucent gate.
103943 | Elf:2    | Found Osalak's Weapon Shoppe.
104185 | Elf:3    | Entered Level 3 of the Elven Halls
105069 | Elf:3    | Found a huge runed gate.
105076 | Elf:3    | Found a huge runed gate.
105076 | Elf:3    | Found a huge runed gate.
105076 | Elf:3    | Found a huge runed gate.
105076 | Elf:3    | Found a huge runed gate.
105076 | Elf:3    | Found a huge runed gate.
105076 | Elf:3    | Found a huge runed gate.
105084 | Elf:3    | Found a huge runed gate.
105084 | Elf:3    | Found a huge runed gate.
105090 | Elf:3    | Found a huge runed gate.
105248 | Elf:3    | Found a huge runed gate.
105302 | Elf:3    | Found a huge runed gate.
105302 | Elf:3    | Found a huge runed gate.
105302 | Elf:3    | Found a huge runed gate.
105303 | Elf:3    | Found a huge runed gate.
105303 | Elf:3    | Found a huge runed gate.
105304 | Elf:3    | Found a huge runed gate.
105308 | Elf:3    | Found a huge runed gate.
105316 | Elf:3    | Found a huge runed gate.
105321 | Elf:3    | Found a portal to a secret trove of treasure.
105606 | Elf:3    | Reached skill level 5 in Shields
105925 | Elf:3    | Found an ancient bone altar of Kikubaaqudgha.
106276 | Elf:3    | Found a huge runed gate.
106276 | Elf:3    | Found a huge runed gate.
106280 | Elf:3    | Found a huge runed gate.
106281 | Elf:3    | Found a huge runed gate.
106281 | Elf:3    | Found a huge runed gate.
106307 | Elf:3    | Found a huge runed gate.
106307 | Elf:3    | Found a huge runed gate.
106369 | Elf:3    | Reached skill level 20 in Spellcasting
106674 | Elf:3    | Reached XP level 20. HP: 133/133 MP: 25/44
106911 | Elf:3    | Reached skill level 10 in Evocations
108767 | D:6      | Bought a scroll of teleportation for 45 gold pieces
108767 | D:6      | Bought a scroll of teleportation for 45 gold pieces
108956 | Snake:1  | Bought a scroll of teleportation for 60 gold pieces
109285 | Elf:3    | You paid a toll of 15 scrolls of teleportation to enter a
                  | treasure trove
109286 | Trove    | Entered a treasure trove
109294 | Trove    | Got a faintly glowing platinum ring
109305 | Trove    | Got a twisted ring mail
109308 | Trove    | Got a twisted ring mail
109310 | Trove    | Got a pair of bloodstained gloves
109317 | Trove    | Got an ebony hunting sling
109321 | Trove    | Identified the +0 pair of gloves "Raesud" {rN+ Int+7 Dex-3}
                  | (You found it in a treasure trove)
109333 | Trove    | Identified the +5 ring mail of Duty {rElec Stlth+} (You
                  | found it in a treasure trove)
109334 | Trove    | Identified the +8 ring mail of Mysticism {rN+ Regen+ Int+2}
                  | (You found it in a treasure trove)
109335 | Trove    | Identified the ring of Lerchu Delepp {+Blink rPois rC+
                  | Str-5 SInv} (You found it in a treasure trove)
109349 | Elf:3    | Identified the +10 hunting sling of the Maze {flame, Dex+4}
                  | (You found it in a treasure trove)
109870 | Elf:3    | Found the +6 arbalest "Damnation" {damnation}
111027 | Depths:1 | Entered Level 1 of the Depths
111195 | Depths:1 | Noticed Nikola
111350 | Vaults:1 | Entered Level 1 of the Vaults
115886 | Vaults:2 | Found a staircase to the Crypt.
116582 | Vaults:2 | Noticed Boris
116588 | Vaults:2 | Killed Boris
116588 | Vaults:2 | Reached XP level 21. HP: 125/144 MP: 11/45
116801 | Vaults:2 | Found a bloodstained altar of Trog.
116835 | Vaults:2 | Found Bethoaga's Antique Weapon Shop.
118828 | Vaults:3 | Reached skill level 21 in Spellcasting
119701 | Vaults:3 | Noticed Boris
119762 | Vaults:3 | Killed Boris
120337 | Vaults:3 | Found Jaeruexi's Assorted Antiques.
120345 | Vaults:3 | Bought a paperback book for 585 gold pieces
120345 | Vaults:3 | Bought a paperback book for 585 gold pieces
120351 | Vaults:3 | Learned a level 5 spell: Bolt of Draining
120354 | Vaults:3 | Learned a level 2 spell: Passwall
121356 | Vaults:3 | Noticed Frederick
121363 | Vaults:3 | Killed Frederick
121419 | Vaults:3 | Noticed Sojobo
121627 | Vaults:3 | Noticed Asterion
121633 | Vaults:3 | Killed Asterion
122110 | Vaults:3 | Killed Sojobo
122455 | Vaults:4 | Reached skill level 1 in Necromancy
122920 | Vaults:4 | Identified the +0 large shield "Safibb" {rN+ Str-5 Int+7
                  | SInv}
122920 | Vaults:4 | Noticed Mennas
124523 | D:15     | Bought a scroll of teleportation for 48 gold pieces
124523 | D:15     | Bought a scroll of magic mapping for 56 gold pieces
124523 | D:15     | Bought a scroll of blinking for 120 gold pieces
124546 | Depths:1 | Killed Nikola
124546 | Depths:1 | Reached XP level 22. HP: 134/153 MP: 12/47
128102 | Depths:1 | Noticed a juggernaut
128108 | Depths:1 | Killed a juggernaut
128915 | Depths:1 | Identified the ring of the Dozen Songs {rF+ Str+5}
128920 | Depths:1 | Reached skill level 22 in Spellcasting
129029 | Depths:1 | Noticed a caustic shrike
129031 | Depths:1 | Noticed a caustic shrike
129031 | Depths:1 | Noticed a caustic shrike
129033 | Depths:1 | Noticed a caustic shrike
129034 | Depths:1 | Noticed a caustic shrike
129735 | D:15     | HP: 3/153 [caustic shrike (23)]
129735 | D:15     | HP: 1/153 [acid (2)]
129735 | D:15     | Demolished by a caustic shrike

Skill      XL: |  1  2  3  4  5  6  7  8  9 10 11 12 13 14 15 16 17 18 19 20 21 22 |
---------------+-------------------------------------------------------------------+-----
Conjurations   | 1 2 3 4 5 6 8 9 10 11 12 13 14 15 16 | 16.8
Fire Magic     | 3 4 5 6 8 9 10 11 12 13 14 15 16 17 18 19 | 19.8
Spellcasting   | 3 4 6 7 9 11 12 14 15 16 17 18 19 20 21 22 | 22.0
Fighting       | 3 5 7 8 |  8.0
Dodging        | 3 |  3.0
Evocations     | 1 3 5 6 7 9 10 | 10.0
Shields        | 1 4 5 6 7 8 |  8.2
Armour         | 2 |  2.9
Earth Magic    | 1 |  1.2
Necromancy     | 1 |  1.7
Long Blades    | |  0.1
Throwing       | |  0.2
Stealth        | |  1.5
Charms         | |  0.3

Action                   |  1- 3 |  4- 6 |  7- 9 | 10-12 | 13-15 | 16-18 | 19-21 | 22-24 || total
-------------------------+-------+-------+-------+-------+-------+-------+-------+-------++-------
Melee: Unarmed           |     2 |       |       |       |       |       |       |       ||     2
       Dagger            |    12 |     6 |    51 |     5 |       |     2 |    61 |       ||   137
       Staff             |       |     9 |    29 |     1 |    56 |    23 |     5 |       ||   123
       Falchion          |       |       |    18 |       |       |       |       |       ||    18
       Hand axe          |       |       |       |    14 |       |       |       |       ||    14
       Quarterstaff      |       |       |       |    13 |   215 |       |       |       ||   228
Throw: Stone             |       |    24 |    22 |    20 |    12 |    10 |       |       ||    88
       Javelin           |       |       |       |       |       |     1 |     4 |       ||     5
 Cast: Flame Tongue      |    54 |   145 |   319 |   318 |   346 |    21 |       |       ||  1203
       Conjure Flame     |       |     3 |    27 |    40 |    46 |       |       |       ||   116
       Sticky Flame      |       |       |    19 |    84 |   226 |    61 |    23 |     3 ||   416
       Mephitic Cloud    |       |       |     4 |    49 |    53 |     1 |     2 |     1 ||   110
       Fireball          |       |       |       |   106 |   280 |   847 |   658 |    69 ||  1960
       Shock             |       |       |       |    46 |    70 |     6 |       |       ||   122
       Throw Frost       |       |       |       |     7 |    78 |    69 |       |       ||   154
       Swiftness         |       |       |       |     6 |    10 |       |     3 |     1 ||    20
       Bolt of Magma     |       |       |       |       |       |    46 |    78 |       ||   124
       Bolt of Fire      |       |       |       |       |       |    10 |     9 |       ||    19
       Bolt of Draining  |       |       |       |       |       |       |    33 |    65 ||    98
Invok: Potion Petition   |       |       |     1 |       |     4 |     2 |     1 |     1 ||     9
       Call Merchant     |       |       |       |       |     3 |     3 |     1 |     1 ||     8
 Abil: Evoke Flight      |       |       |       |       |     3 |       |     1 |     2 ||     6
       Stop Flying       |       |       |       |       |     1 |       |       |     2 ||     3
Evoke: Wand              |       |       |     3 |     9 |    15 |    20 |     1 |       ||    48
       Staff of energy   |       |       |       |       |    23 |       |       |       ||    23
  Use: Scroll            |     1 |     8 |     4 |     8 |    23 |    15 |    12 |     5 ||    76
 Stab: Sleeping          |       |       |     1 |       |       |       |       |       ||     1
       Confused          |       |       |       |     3 |     2 |       |       |       ||     5
Armor: Robe              |     9 |    14 |    53 |    49 |       |       |       |       ||   125
       Leather armour    |       |       |       |     2 |   276 |   149 |    58 |     6 ||   491
       Scale mail        |       |       |       |     1 |       |       |       |       ||     1
Dodge: Dodged            |    30 |    29 |   163 |   159 |   569 |   185 |    83 |    15 ||  1233
Block: Other             |       |       |       |     9 |    70 |     2 |       |       ||    81
       Shield            |       |       |       |       |   161 |   225 |   211 |    36 ||   633
       Reflection        |       |       |       |       |    26 |    23 |    71 |    12 ||   132
       Rpst.: Falchion   |       |       |     9 |       |       |       |       |       ||     9
